Workbook
Name __1NEW_PROJECT: #REF!
Name __1NEW_PROJECT: #REF!
Name __1NEW_PROJECT: #REF!
Name __1NEW_PROJECT: #REF!
Name __1NEW_PROJECT: #REF!
Name __1NEW_PROJECT: #REF!
Name __1NEW_PROJECT: #REF!
Name __1NEW_PROJECT: #REF!
Name __2P_PAY_CERTIFICA: #REF!
Name __2P_PAY_CERTIFICA: #REF!
Name __2P_PAY_CERTIFICA: #REF!
Name __2P_PAY_CERTIFICA: #REF!
Name __2P_PAY_CERTIFICA: #REF!
Name __2P_PAY_CERTIFICA: #REF!
Name __2P_PAY_CERTIFICA: #REF!
Name __3PRINT_ESCAL: #REF!
Name __3PRINT_ESCAL: #REF!
Name __3PRINT_ESCAL: #REF!
Name __3PRINT_ESCAL: #REF!
Name __3PRINT_ESCAL: #REF!
Name __3PRINT_ESCAL: #REF!
Name __3PRINT_ESCAL: #REF!
Name __4PRINT_PENALTIES: #REF!
Name __4PRINT_PENALTIES: #REF!
Name __4PRINT_PENALTIES: #REF!
Name __4PRINT_PENALTIES: #REF!
Name __4PRINT_PENALTIES: #REF!
Name __4PRINT_PENALTIES: #REF!
Name __4PRINT_PENALTIES: #REF!
Name __5PRINT_PROJECT_C: #REF!
Name __5PRINT_PROJECT_C: #REF!
Name __5PRINT_PROJECT_C: #REF!
Name __5PRINT_PROJECT_C: #REF!
Name __5PRINT_PROJECT_C: #REF!
Name __5PRINT_PROJECT_C: #REF!
Name __5PRINT_PROJECT_C: #REF!
Name __6PRINT_SPEC_SUBC: #REF!
Name __6PRINT_SPEC_SUBC: #REF!
Name __6PRINT_SPEC_SUBC: #REF!
Name __6PRINT_SPEC_SUBC: #REF!
Name __6PRINT_SPEC_SUBC: #REF!
Name __6PRINT_SPEC_SUBC: #REF!
Name __6PRINT_SPEC_SUBC: #REF!
Name __7SUM_FORMULAR: #REF!
Name __7SUM_FORMULAR: #REF!
Name __7SUM_FORMULAR: #REF!
Name __7SUM_FORMULAR: #REF!
Name __7SUM_FORMULAR: #REF!
Name __7SUM_FORMULAR: #REF!
Name __7SUM_FORMULAR: #REF!
Name _1NEW_PROJECT: #REF!
Name _1NEW_PROJECT: #REF!
Name _1NEW_PROJECT: #REF!
Name _1NEW_PROJECT: #REF!
Name _1NEW_PROJECT: #REF!
Name _1NEW_PROJECT: #REF!
Name _1NEW_PROJECT: #REF!
Name _2P_PAY_CERTIFICA: #REF!
Name _2P_PAY_CERTIFICA: #REF!
Name _2P_PAY_CERTIFICA: #REF!

Sheet BOQ Cover Page

Sheet Schedule A - P&G
G1: TENDER NO. RW10390641/24R
C2: Townlands Pump Station Engine Room 1 - Additional Pump
G4: Schedule A: P&G
A6: Item | B6: Payment | C6: Description | D6: Unit | E6: Qty | F6: Rate | G6: Amount
A7: No. | B7: Refers
B9: SABS 1200A | C9: PRELIMINARY & GENERAL
C10: FIXED CHARGES
C12: FIXED CHARGED ITEMS
A14: 1 | B14: 8.3.1 | C14: Contractual requirements | D14: SUM | E14: 1
A16: 2 | B16: 8.3.1 | C16: Surety or bank guarantee | D16: SUM | E16: 1
A18: 3 | B18: 8.3.1 | C18: Common law liability insurance | D18: SUM | E18: 1
A20: 4 | B20: 8.3.1 | C20: Third party insurance | D20: SUM | E20: 1
A22: 5 | B22: 8.3.1 | C22: Insurance of construction plant and equipment | D22: SUM | E22: 1
A24: 6 | B24: 8.3.1 | C24: Other (detail………………………………………………………………………) | D24: SUM | E24: 1
C26: ESTABLISH FACILITIES ON THE SITE FACILITIES FOR THE ENGINEER (SANS 1200AB)
A28: 7 | B28: 8.3.2.1 | C28: Engineer's offices and facilities | D28: SUM | E28: 1
A30: 8 | B30: 8.4.2.1 (d) | C30: Survey Instruments | D30: SUM | E30: 1
C32: SERVICES
A34: 9 | B34: 8.3.2.2 | C34: Services for offices and for cooking and ablution facilities on site for the Engineer's site staff | D34: SUM | E34: 1
A36: 10 | C36: Treatment and maintenance of areas surrounding offices | D36: SUM | E36: 1
A38: 11 | B38: 8.3.2.1(c ) | C38: Name board (including posts and erection) | D38: No | E38: 1
A40: 12 | C40: SANS 1200 Standardized Specifications | D40: SUM | E40: 1
C42: FACILITIES FOR CONTRACTOR
A44: 13 | B44: 8.3.2.2 (a) | C44: Offices and storage sheds | D44: SUM | E44: 1
A46: 14 | B46: 8.3.2.2 (b) | C46: Workshops | D46: SUM | E46: 1
A48: 15 | B48: 8.3.2.2 (d) | C48: Living accommodation | D48: SUM | E48: 1
P49: =208000*0.1 -> 20800 | Q49: =P49/10 -> 2080
A50: 16 | B50: 8.3.2.2 (e) | C50: Ablution and latrine facilities | D50: SUM | E50: 1
A52: 17 | B52: 8.3.2.2 (f) | C52: Tools and equipment | D52: SUM | E52: 1
A54: 18 | B54: 8.3.2.2 (g) | C54: Water supply, electric power, communications, dealing with water and access | D54: SUM | E54: 1
A56: 19 | B56: 8.3.3 | C56: Provision of safety manager | D56: SUM | E56: 1
A58: 20 | B58: 8.3.4 | C58: Removal of Engineer's and Contractor's site establishment on completion | D58: SUM | E58: 1
C60: HEALTH AND SAFETY
A62: 21 | C62: General costs for Health and Safety (not covered) | D62: SUM | E62: 1
A64: 22 | C64: Risk assessment | D64: SUM | E64: 1
A66: 23 | C66: Health and safety plan | D66: SUM | E66: 1
A68: 24 | C68: Construction safety officer and other appointments | D68: SUM | E68: 1
A70: 25 | C70: Training | D70: SUM | E70: 1
A72: 26 | C72: Medical assessment | D72: SUM | E72: 1
C74: TIME RELATED ITEMS
A76: 27 | B76: 8.4.1 | C76: Contractual requirements | D76: SUM | E76: 1
A78: 28 | B78: 8.4.1 | C78: Surety or bank guarantee | D78: SUM | E78: 1
A80: 29 | B80: 8.4.1 | C80: Third party insurance | D80: SUM | E80: 1
A82: 30 | B82: 8.4.1 | C82: Insurance of construction plant and equipment | D82: SUM | E82: 1
A84: 31 | B84: 8.4.1 | C84: Other (detail………………………………………………………………………) | D84: SUM | E84: 1
C86: OPERATE AND MAINTAIN FACILITIES ON THE SITE FOR ENGINEER FOR THE DURATION OF CONSTRUCTION
A88: 32 | B88: 8.4.2.1 (a) | C88: Engineer's offices and facilities | D88: SUM | E88: 1
A90: 33 | B90: 8.4.2.1 (d) | C90: Survey Instruments | D90: SUM | E90: 1
C92: SERVICES
A94: 34 | B94: 8.4.2.1 (a) | C94: Services for offices and for cooking and facilities on site for the Engineer's staff | D94: SUM | E94: 1
A96: 35 | B96: 8.4.2.1 (d) | C96: Survey assistants | D96: SUM | E96: 1
A98: 36 | C98: Treatment and maintenance of areas surrounding offices | D98: SUM | E98: 1
A100: 37 | B100: 8.4.2.1 (c) | C100: Name board | D100: SUM | E100: 1
C102: FACILITIES FOR CONTRACTOR FOR THE DURATION OF CONSTRUCTION
A104: 38 | B104: 8.4.2.2 (a) | C104: Offices and storage sheds | D104: SUM | E104: 1
A106: 39 | B106: 8.4.2.2 (b) | C106: Workshops | D106: SUM | E106: 1
A108: 40 | B108: 8.4.2.2 (d) | C108: Living accommodation | D108: SUM | E108: 1
A110: 41 | B110: 8.4.2.2 (e) | C110: Ablution and latrine facilities | D110: SUM | E110: 1
A112: 42 | B112: 8.4.2.2 (f) | C112: Tools and equipment | D112: SUM | E112: 1
A114: 43 | B114: 8.4.2.2 (g) | C114: Water supply, electric power, communications, dealing with water and access | D114: SUM | E114: 1
A116: 44 | B116: 8.4.3 | C116: Supervision | D116: SUM | E116: 1
A118: 45 | B118: 8.4.4 | C118: Company and head office overhead costs | D118: SUM | E118: 1
A120: 46 | B120: 8.4.5 | C120: Testing and commissioning of equipment | D120: SUM | E120: 1
C122: TEMPORARY WORKS
C124: EXISTING SERVICES
A126: 47 | B126: 8.8.4 | C126: Excavate by hand to expose existing services (provisional) | D126: m2 | E126: 100
A128: 48 | B128: 8.8.4 | C128: Protection of existing services | D128: SUM | E128: 1
C130: SURVEY AND REFERENCE PEGS
A132: 49 | B132: 8.8.5 | C132: Protect and re-establish all reference pegs and bench marks | D132: SUM | E132: 1
C134: PUBLIC LIAISON OFFICER (Provisional Item)
A136: 50 | C136: Remuneration of public liaison officer for the duration of the contract | D136: Item | E136: 1.00
A138: 51 | C138: Contractor's charges to provisional amount above | D138: % | E138: 15.00
C140: ITEMS NOT MENTIONED
A142: 52 | C142: Should the Contractor wish to price any items mentioned in the General Conditions of Contract, Specifications or Drawings but not specifically mentioned in the Schedule, he should do so hereunder. Full descriptions, quantities, units and rates are to be stated. | D142: Item | E142: 1.00
A144: 53 | C144: Site visits for assessment of equipment | D144: SUM | E144: 1
A146: 54 | C146: Compiling of documentation | D146: SUM | E146: 1
A148: Total amount excluding Value-Added Tax (VAT) to be carried to Summary of Price Schedules
A149: No | B149: Payment refers | C149: Description | G149: Amount
B154: Total amount excluding Value-Added Tax (VAT) to be carried to Summary of Price Schedules

Sheet Schedule B - ENVIRONMENTAL 
G1: TENDER NO. RW10390641/24R
A2: Townlands Pump Station Engine Room 1 - Additional Pump
A5: Item No. | B5: Payment Refers | C5: Description | D5: Unit | E5: Qty | F5: Rate | G5: Total Amount
B7: PSA 8.12
C9: Schedule B : ENVIRONMENT
B10: ENVIRONMENTAL SPECIFICATION | C10: Note: • The rates priced in this Schedule of Quantities must be undertaken in such a manner to ensure full compliance with the environmental specification provided • In the event that double dipping is observed with regards to other sections of the BOQ the projects manager’s discretion will prevail to approve these cost. • The BOQ is primarily aligned is to or environmental specification, to provide for resources to comply with all requirements . Provisional sums are reserved for items identified under each headlining. • Suggested items to achieve the main outcome of each heading are listed and may require rates only. • There are no environmental authorisations required for this project, however the pricipal of cradel to grave must still be observed.
A11: 4.1 | B11: enviro specific-ation 9.1 | C11: Administrative requirements as per environmental specification that may require specific additional billing not included else where. • Understanding of compliance • Preparation of environmental file and work program approval. • Preparations of method statements (management of all waste, Keeping the site clean and weed free, final clean up of site and campsite). • Maintaining of auditing of site compliances • Reporting of environmental incidence • Signing off of work for payment • Emergency preparedness retainement for external services • Programme scheduling details of administrative matters | D11: Sum | E11: 1
A13: 4.2 | B13: Envir spec 9.2 | C13: Emergency preparedness funding | D13: Lump sum
C14: a) Provision for bee, snake and other fauna removal | D14: Rate | E14: 1
A15: 4.3 | C15: b) Provision for hydrocarbon spillages that require intervention from professional clean up provider | D15: Rate | E15: 1
C16: c) Provision to clean up sewage spillages | D16: Rate | E16: 1
A17: 4.4 | C17: d) Equipment for fire fighting | D17: Rate | E17: 1
C18: e) Call out of fire department | D18: Rate | E18: 1
A19: 4.5 | B19: Envir spec 9.1.4 | C19: Environmental awareness and training
C20: The rate for this item shall include costs for inductions and environmental awareness and training | D20: Sum | E20: 1
A21: 4.6 | B21: Envir spec 9.2 | C21: Social integration of the project to the public
C22: The rate for this item shall include costs for establishment of construction campsite and working areas, that has not been included in other costings. | D22: Sum | E22: 1
B23: Envir spec 9.3 | C23: Establishment of site camp and works area. | D23: Sum | E23: 1
C24: Signage The rate for this item must cover all expenses incurred in preparing signage at the entrance of the site offices indicating the following information.This may be included on the main site sign board.
C25: · The contractor’s contact numbers
C26: · Emergency numbers and provision for: – snake removal, bee removal, fire, large hydrocarbon spillages, sewerage spillages
C27: Signage measuring a minimum of 30mmx30mm must also be made available for no go areas.
B28: 9.3.4 to 9.3.4.2 | C28: Barricading and demarcation | D28: Sum | E28: 1
C29: a. Screening for unsightly works | D29: rate | E29: 1
C30: b. Clear demarcating of the working foot print | D30: rate | E30: 1
C31: c. Barricading of sensitive no go areas | D31: rate | E31: 1
B33: 9.4 to 9.4.6 | C33: Pollution prevention and preservation of environmental resources | D33: lump sum provission | E33: 1
C34: The rate for this item shall include costs for pollution prevention and preservation of environmental resources. This includes the indentification of the sources of potential polution. | D34: rate | E34: 1
C35: a) Cleaning the site of litter and rubble | D35: rate | E35: 1
C36: b)Weed control on site | D36: rate | E36: 1
C37: C) Waste bins and receptacles that comply with the waste clauses of the Environmental specification. | D37: rate | E37: 1
C38: c) Appropriate skips for waste separation | D38: rate | E38: 1
C39: d)General waste Waste removal | D39: rate | E39: 1
C40: e)Hazardous waste Waste removal | D40: rate | E40: 1
C41: f)Recycled waste management Waste removal | D41: rate | E41: 1
C42: g) Spillage kits to clean up spillages | D42: rate | E42: 1
C43: h) Hard impervious surfaces for storage of chemicals | D43: rate | E43: 1
C44: i)Bunding facility for hazardous products | D44: rate | E44: 1
C45: J) Labelled containers for decanting of liquids | D45: rate | E45: 1
C46: K) Drip trays for all vehicles staying on site over night | D46: rate | E46: 1
B47: 9.5 | C47: Preservation of the environment: fauna ,flora, scenic value, Archaeological artefacts
B48: 9.5.3 | C48: Erosion control and silt management The amount shall represent the costs associated with the practice of preventing or controlling wind or water erosion during construction. The erosion control measures must effectively prevent water pollution, soil loss, wildlife habitat loss and human property loss. The rate shall also include the costs of silt control where devices shall be designed to keep eroded soil on a construction site, so that it does not wash off and cause water pollution to a nearby stream, river, lake, or dam. | D48: Lump Sum | E48: 1
C49: Final clean up and rehabilitation of the construction camp to the state in which it was prior to comencement of work | D49: Lump Sum | E49: 1
A50: SCHEDULE B: ENVIROMENTAL SUMMARY
A51: No | B51: Payment refers | C51: Description | D51: Unit | E51: Qty | G51: Amount
A54: Schedule B: Total amount excluding Value-Added Tax (VAT) to be carried to Summary of Price Schedules

Sheet Schedule C - SHEQ
H1: Form No:
B2: STRATEGIC ASSET MANAGEMENT
H3: Rev No: xx
B4: SHEQ MANAGEMENT SYSTEM
H5: Effective Date:
B6: Description of the Project: Townlands Pumpstation Engine Room 1 - Additional Pump
B7: Project no: | C7: P.04340
B11: Item No. | C11: Description | D11: Qty (A) | E11: U O M | F11: Rate (B) | H11: Total A*B
B12: C | C12: OCCUPATIONAL HEALTH AND SAFETY
B13: C.1.1 | C13: Preparation of the Contractor's site specific Health and Safety Plan | D13: 1 | E13: Sum
B14: C1.2 | C14: Principal Contractor's initial obligations in respect of the Occupational Health and Safety Act and Construction Regulations | D14: 1 | E14: Sum
B15: C.1.3 | C15: Principal Contractor's time related obligations in respect of the Occupational Health and Safety Act and Construction Regulations | D15: 1 | E15: Sum
B16: C1.4 | C16: Provision of Personal Protective Equipment (PPE) | D16: 1 | E16: Sum
B17: C.1.5 | C17: Provision of a full-time Construction Health and Safety Officer | D17: 1 | E17: Sum
B18: C.1.6 | C18: Cost of medical certificates and medical surveillance | D18: 1
C19: (a) Initial (baseline) medical examinations | D19: 1 | E19: Sum
C20: (b) Periodic examinations | D20: 1 | E20: Sum
C21: (c) Medical consultation as when required with OHP and OMP | D21: 1 | E21: Prov Sum | F21: R140,000.00 | H21: R140,000.00
C22: (d) Exit exxeminations | D22: 1 | E22: Sum
B23: C.1.7 | C23: Induction training | D23: 1 | E23: Sum
B24: C.1.8 | C24: Provision of First Aid Boxes to GSR requirements and other emergency safety equipment such as fire extinguishers. | D24: 1 | E24: Sum
B25: C.1.9 | C25: Transportation of Workers | D25: 1 | E25: Sum
B26: C.1.10 | C26: Welfare Facilities | D26: 1 | E26: Sum
B27: C.1.11 | C27: Occupational Hygiene Surveys | D27: 1 | E27: Sum
B28: C.1.12 | C28: Training | D28: 1 | E28: Sum
B29: C.1.13 | C29: Security requirements including the security risk assessment (before site establishment) | D29: 1 | E29: Sum
B30: C.1.14 | C30: Employee wellness programs | D30: 1 | E30: Sum
B31: C.1.15 | C31: Drug and Alcohol Testing, Policies and Procedures | D31: 1 | E31: Sum
B32: C.1.16 | C32: Barricading | D32: 1 | E32: Sum
B33: C.1.17 | C33: Safety notices and signs | D33: 1 | E33: Sum
B34: C.1.18 | C34: SHE Incentives | D34: 1 | E34: Prov. Sum | F34: 500000 | H34: =+F34*D34 -> 500000
B35: C.1.19 | C35: Construction work permit application fee | D35: 1 | E35: Prov. Sum | F35: 10000 | H35: =+F35*D35 -> 10000
B36: C.1.20 | C36: Adequate ventilation and lighting during construction | D36: 1 | E36: Sum
B37: C.1.21 | C37: Submission of the Health and Safety File (hard and soft copies)- after tender award and project completion. | D37: 1 | E37: Sum
B38: C.1.22 | C38: Provision of Client Pr.CHSA (Construction Health & Safety Agent) registered with SACPCMP, and/or other resources for the duration of the project. | D38: 1 | E38: Prov. Sum | F38: 6000000 | H38: =+F38*D38 -> 6000000
B40: Total amount excluding Value-Added Tax (VAT) to be carried to - Summary of Price Schedule

Sheet Schedule D -  QUALITY
G1: TENDER NO. RW10390641/24R
A2: ='Schedule A - P&G'!$C$2 -> Townlands Pump Station Engine Room 1 - Additional Pump
A5: Item No. | B5: Payment Refers | C5: Description | D5: Unit | E5: Qty | F5: Rate | G5: Total Amount
C8: Schedule D: QUALITY
A9: D.1 | C9: Preparation and submission of Contractors Quality Management Plan (CQMP), for review and approval prior to commencement of works | D9: lump sum | E9: 1
A11: D.2 | C11: Provision of Qualified Quality Officer ( The contractor shall provide RW with relevant to the scope of work qualified Quality Officer ) | D11: Month | E11: Contract Duration
A13: D.3 | C13: Maintenance of documents and final documentation for submission - Provision of Document controller | D13: Month | E13: Contract Duration
A15: D.4 | C15: Provision of Quality Officers relevant training ( The contractor to provide related training for the quality officer ) | D15: Rate | E15: 1
A17: D.5 | C17: Provision of Compliance Audits ( The contractor to audit the project once a year for the duration of the project ) | D17: Rate | E17: Quartely for the duration of contract
A19: D.6 | C19: Testing Equipment calibration ( The testing Equipments should be calibrated as per the manual ) | D19: Rate | E19: Annually
A21: D.7 | C21: Provision of any other testing and inspections requested by the Engineer | D21: Lump sum | E21: 1
A34: SCHEDULE D: QUALITY SUMMARY
A35: No | B35: Payment Refers | C35: Description | D35: Unit | E35: Qty | F35: Rate | G35: Amount
C40: Schedule D: Total amount excluding Value-Added Tax (VAT) to be carried to Summary of Price Schedules | G40: R

Sheet Schedule F - AUTOMATION
G1: TENDER NO. RW10390641/24R
A2: ='[4]Schedule A - P&G'!$C$2 -> Townlands Pump Station Engine Room 1 - Additional Pump
A4: Item No. | B4: Refers to RW10390641/23R-Aut-Spec | C4: Description | D4: Unit | E4: Qty | F4: Rate | G4: Total Amount
C6: Automation Equipment
C7: BILL No.1
A8: B1 | C8: DETAILED DESIGN
A9: B1.1 | B9: SS 3.1.1 | C9: Design Automation design requirements and quality documents including, but not limited to all the items . | D9: Sum | E9: Complete
A11: B1.2 | B11: SS 3.1.1.1 | C11: Produce all drawings according to Electrical Drawings Standards Specification (RW_EES_002-REV-A). | D11: Sum | E11: Complete
A13: B1.3 | B13: SS 3.2.1.1. | C13: Detailed design of the twenty-four (24) new Profibus PA compliant motor winding temperature RTD’s. | D13: Each | E13: 24
A15: B1.4 | B15: SS 3.2.1.2. | C15: Detailed design of the thirty-two (32) new Profibus PA compliant motor and pump bearing RTD’s. | D15: Each | E15: 32
A17: B1.5 | B17: SS 3.2.2.1. | C17: Detailed design of the sixteen (16) new 4-20mA vibration sensors for all pumpset | D17: Each | E17: 16
A19: B1.6 | B19: SS 3.2.3.1. | C19: Detailed design of the new cooling water flow switches for all pumpset as indicated in the pumpset P&ID drawing RA 26869. | D19: Sum | E19: Complete
A21: B1.7 | B21: SS 3.2.3.4.1 | C21: Detailed design of the new level switches for all pumpset as indicated in the pumpset P&ID drawing RA 26869. | D21: Sum | E21: Complete
A23: B1.8 | B23: SS 3.2.5.1 | C23: Detailed design of the eight (8) new Profibus PA compliant Pressure transmitters. | D23: Each | E23: 8
A25: B1.9 | B25: SS 3.2.6.1. | C25: Detailed design of the four (4) Profibus DP copper magnetic flow transmitters | D25: Each | E25: 4
A27: B1.10 | B27: SS 3.3.1.1. | C27: Detailed design of the four (4) PLC systems (complete with all the modules and auxiliary items) in the pumpset PLC panels | D27: Each | E27: 4
A29: B1.11 | B29: SS 3.3.1.2. | C29: Detailed design of the four (4) pumpset PLC program necessary to control, monitor and run all operations of the pumpsets. | D29: Each | E29: 4
A31: B1.12 | B31: SS 3.3.2.1. | C31: Detailed design of the trace and label the existing I/O multicore cable between (feeders, incomer, transformer and bus-section) and the existing PLC. | D31: Sum | E31: Complete
A33: B1.13 | B33: SS 3.3.2.2. | C33: Detailed design of the generate and supply as built drawings of the existing Automation loop drawings for the existing system before the design for the new pumpset control system and decommissioning of the existing PLC. | D33: Sum | E33: Complete
A35: B1.14 | B35: SS 3.3.2.3. | C35: Detailed design of the supply and present complete detailed HAZOP studies and will be subject to approval by the Rand Water before commencement of any work. | D35: Sum | E35: Complete
A37: B1.15 | B37: SS 3.3.2.4. | C37: Detailed design of the decommission the existing Quantum PLC. | D37: Sum | E37: Complete
A39: B1.16 | B39: SS 3.3.2.5. | C39: Detailed design of the one (1) PLC systems (complete with all the modules and auxiliary items) in the common service PLC panel | D39: Each | E39: 1
A41: B1.17 | B41: SS 3.3.2.6. | C41: Detailed design of the put into operation one (1) pumpset PLC program necessary to control, monitor and run all operations of the pumpsets. | D41: Each | E41: 1
A43: B1.18 | B43: SS 3.4.1. | C43: Detailed design of the four (4) Human Machine Interface with all required licenses in the pumpset PLC panel | D43: Each | E43: 4
A45: B1.19 | B45: SS 3.4.2. | C45: Detailed design of the put into operation four (4) HMI software program necessary to control, monitor the pumpset. | D45: Each | E45: 4
A47: B1.20 | B47: SS 3.4.3. | C47: Detailed design of the one (1) new 19-inch HMI minimum Interface with all required licenses in the MCC room common services PLC Panel. | D47: Each | E47: 1
A49: B1.21 | B49: SS 3.4.4. | C49: Detailed design of theone (1) HMI software program necessary to control, monitor and run all pumpsets and equipment’s connected to the PLC system. | D49: Sum | E49: Complete
A51: B1.22 | B51: SS 3.5.1.. | C51: Detailed design of the two (2) complete set SCADA server machines with mouse, 24 inch monitor and keyboards | D51: Each | E51: 2
A53: B1.23 | B53: SS 3.5.2. | C53: Detailed design of the new SCADA software program necessary to control, monitor and run the pumpset at the District Superintendent Office and Central Depot Control Room.. | D53: Sum | E53: Complete
A55: B1.24 | B55: SS 3.5.3. | C55: Detailed design of the all the required SCADA license suit. | D55: Sum | E55: Complete
A57: B1.25 | B57: SS 3.6.1. | C57: Detailed design of the complete historian system to log all selected tags as may be directed by Rand Water into the Historian server. (InSQL data logging for historical and real-time purposes). | D57: Sum | E57: Complete
A59: B1.26 | B59: SS 3.7.1. | C59: Detailed design of the complete lengths of new Profibus DP cables together with termination connectors | D59: Sum | E59: Complete
A61: B1.27 | B61: SS 3.7.2. | C61: Detailed design of the complete lengths of new Profibus PA cables together with termination connectors | D61: Sum | E61: Complete
A63: B1.28 | B63: SS 3.7.3. | C63: Detailed design of the four (4) Profibus master card in the pumpset PLC Panels. | D63: Each | E63: 4
A65: B1.29 | B65: SS 3.7.4. | C65: Detailed design of the four (4) Profibus DP/PA HUB with build-in profitrace OE and diagnostics in the pumpset PLC Panels. | D65: Each | E65: 4
A67: B1.30 | B67: SS 3.7.5. | C67: Detailed design of the eight (8) Profibus PA 8-way T-connector in the pumpset Profibus JB | D67: Each | E67: 8
A69: B1.31 | B69: SS 3.7.6. | C69: Detailed design of the four (4) Profibus DP Active Terminators in the pumpset PLC panel. | D69: Each | E69: 4
A71: B1.32 | B71: SS 3.7.7. | C71: Detailed design of the one (1) Profibus master card in the common service PLC panel | D71: Each | E71: 1
A73: B1.33 | B73: SS 3.7.8. | C73: Detailed design of the one (1) Optic Link Module (OLM) in the common service PLC panel . | D73: Each | E73: 1
A75: B1.34 | B75: SS 3.8.1. | C75: Detailed design of the complete length of Ethernet copper cat 6e cabling.
A77: B1.35 | B77: SS 3.8.2. | C77: Detailed design of the four (4) managed industrial Ethernet switch in the pumpset PLC panel. | D77: Each | E77: 4
A79: B1.36 | B79: SS 3.8.3. | C79: Detailed design of the one (1) new layer 3 managed industrial Ethernet switch in the common service PLC panel. | D79: Each | E79: 1
A81: B1.37 | B81: SS 3.8.4. | C81: Detailed design of the one (1) din rail mount managed industrial Ethernet switch in the Telemetry panel. | D81: Each | E81: 1
A83: B1.38 | B83: SS 3.8.5. | C83: Detailed design of the one (1) din rail mount managed industrial Ethernet switch in the district superintendent’s office. | D83: Each | E83: 1
A85: B1.39 | B85: SS 3.8.6. | C85: Detailed design of the one (1) managed industrial ethernet switch in the existing Medium Voltage Generator Communication Panel. | D85: Each | E85: 1
A87: B1.40 | B87: SS 3.8.7. | C87: Detailed design of the Ethernet network management software | D87: Sum | E87: Complete
A89: B1.41 | B89: SS 3.9.1. | C89: Detailed design of the complete length of ruggedized fiber optic cabling together with necessary connectors. | D89: Sum | E89: Complete
A91: B1.42 | B91: SS 3.9.2. | C91: Detailed design of the complete length of all fiber optic patch leads in each panel. | D91: Sum | E91: Complete
A93: B1.43 | B93: SS 3.9.3. | C93: Detailed design of the four (4) fiber optic splice in the pumpset PLC panels | D93: Each | E93: 4
A95: B1.44 | B95: SS 3.9.4. | C95: Detailed design of the one (1) fiber optic splice box in the common services PLC panel. | D95: Each | E95: 1
A97: B1.45 | B97: SS 3.9.5. | C97: Detailed design of the one (1) fiber optic splice box in the District Superintendent office. | D97: Each | E97: 1
A99: B1.46 | B99: SS 3.9.6. | C99: Detailed design of the two (2) fiber optic splice in the generator communication panel and the MV switchgear room. | D99: Each | E99: 2
A101: B1.47 | B101: SS 3.9.7. | C101: Detailed design of the complete length Profibus DP fiber optic network with all route markers, manholes, PVC sleeves, trenching, excavation, and backfilling for control and monitoring of boundary valve | D101: Sum | E101: Complete
A103: B1.48 | B103: SS 3.9.8. | C103: Detailed design of the complete length of blown fiber optic cable together with route markers, manholes, PVC sleeves, trenching, excavation, and backfilling to complete the ring network architecture. | D103: Sum | E103: Complete
A105: B1.49 | B105: SS 3.10.1.1. | C105: Detailed design of the two (2) complete high bandwidth telemetry radio link system between Townland Pumping Station and Central Depot. | D105: Each | E105: 2
A107: B1.50 | B107: SS 3.10.2.1. | C107: Detailed design of the two (2) wireless GPRS/GSM modem or VSAT (Very Small Aperture Terminal) Satellite solution for sending reservoir level data from the Thlabane Reservoir to Townland Pumping Station. | D107: Each | E107: 2
A109: B1.51 | B109: SS 3.11.1. | C109: Detailed design of the one (1) Wi-Fi communication system with all accessories including the antenna cable and surge arrestors for the mobile generator. | D109: Each | E109: 1
A111: B1.52 | B111: SS 3.12.1. | C111: Detailed design of the complete length of hardwire multicore communication cabling complete length of hardwire multicore communication cabling between the field instruments and PLC. | D111: Sum | E111: Complete
A113: B1.53 | B113: SS 3.13.1. | C113: Detailed design of thefour (4) PLC panel enclosure for pumpsets | D113: Each | E113: 4
A115: B1.54 | B115: SS 3.13.2. | C115: Detailed design of the one (1) new PLC panel for the common services PLC | D115: Each | E115: 1
A117: B1.55 | B117: SS 3.14.1. | C117: Detailed design of the four (4) Profibus field junction box | D117: Each | E117: 4
A119: B1.56 | B119: SS 3.15.1. | C119: Detailed design of the four (4) field hardwired instruments junction box | D119: Each | E119: 4
A121: B1.57 | B121: SS 3.16.1. | C121: Detailed design of the one (1) panel cubicle in District Superintendent’s Office | D121: Each | E121: 1
A123: B1.58 | B123: SS 3.17.1. | C123: Detailed design of the one (1) telemetry panel enclosure | D123: Each | E123: 1
A125: B1.59 | B125: SS 3.18.1. | C125: Detailed design of the eight (8) complete sets of redundant 230VAC/24VDC power supplies with Quint diode in the pumpset PLC panel. | D125: Each | E125: 8
A127: B1.60 | B127: SS 3.18.2. | C127: Detailed design of the four (4) Quint Diode modules in the pumpset PLC panel. | D127: Each | E127: 4
A129: B1.61 | B129: SS 3.18.3. | C129: Detailed design of the two (2) complete 230VAC/24VDC power supplies in the common services PLC panel. | D129: Each | E129: 2
A131: B1.62 | B131: SS 3.18.4. | C131: Detailed design of the tone (1) Quint Diode modules in the common services PLC panel. | D131: Each | E131: 1
A133: B1.63 | B133: SS 3.18.5. | C133: Detailed design of the two (2) redundant 230VAC/24VDC power supplies with Quint diode supplies in the District Superintendent’s Office panel. . | D133: Each | E133: 2
A135: B1.64 | B135: SS 3.18.6. | C135: Detailed design of the one (1) Quint Diode modulessupplies in the District Superintendent’s Office panel. | D135: Each | E135: 1
... A151: B1.72 | B151: SS 3.23.2. | C151: Detailed design of the six (6) valve actuators Profibus DP modules for communication. | D151: Each | E151: 6
A153: B1.73 | B153: SS 3.24.1. | C153: Detailed design of the all new and existing protection relays and power meter signals network communication interface via Modbus TCP/IP into the PLC, HMI and SCADA for monitoring purposes. | D153: Sum | E153: Complete
A155: B1.74 | B155: SS 3.25.1. | C155: Detailed design of the UPS signals network communication interface via Modbus TCP/IP into the PLC, HIM and SCADA for monitoring purposes. | D155: Sum | E155: Complete
A157: B1.75 | B157: SS 3.26.1. | C157: Detailed design of the low and medium generators signals into the PLC, HMI amd SCADA for monitoring purposes on each site. | D157: Sum | E157: Complete
A159: B1.76 | B159: SS 3.27.2.1. | C159: Detailed design of all low voltage power and control cabling including earthing. | D159: Sum | E159: Complete
A161: B1.77 | B161: SS 3.27.2.2. | C161: Detailed design of all foam sealing of a core drilled hole after cable installation to prevent the ingress of water and other liquids. | D161: Sum | E161: Complete
A163: B1.78 | B163: SS 3.27.3.1. | C163: Detailed design of all the heavy duty PVC sleeves as required. | D163: Sum | E163: Complete
A165: B1.79 | B165: SS 3.24.4.1. | C165: Detailed design of all the flexible steel galvanized cable conduits as required. | D165: Sum | E165: Complete
A167: B1.80 | B167: SS 3.27.5.1. | C167: Detailed design of all cable trenching in soil condition as per the Rand Water SAM AAM 00001 Standard Specification where required. | D167: Sum | E167: Complete
A169: B1.81 | B169: SS 3.28.1. | C169: Detailed design of the four (4) din rail UPS and batteries in the pumpset PLC panel | D169: Each | E169: 4
A171: B1.82 | B171: SS 3.28.2. | C171: Detailed design of the one (1) din rail UPS and batteries in the commo services PLC panel | D171: Each | E171: 1
C172: Schedule B1 Carried Forward | G172: R
C173: BILL No.2
A174: B2 | C174: MANUFACTURE, SUPPLY AND DELIVER
A176: B2.1 | B176: SS 3.2.1.1. | C176: Manufacture, supply and deliver of the twenty-four (24) new Profibus PA compliant motor winding temperature RTD’s. | D176: Each | E176: 24
A178: B2.2 | B178: SS 3.2.1.2. | C178: Manufacture, supply and deliver of the thirty-two (32) new Profibus PA compliant motor and pump bearing RTD’s. | D178: Each | E178: 32
A180: B2.3 | B180: SS 3.2.2.1. | C180: Manufacture, supply and deliver of the sixteen (16) new 4-20mA vibration sensors for all pumpset | D180: Each | E180: 16
A182: B2.4 | B182: SS 3.2.3.1. | C182: Manufacture, supply and deliver of the new cooling water flow switches for all pumpset as indicated in the pumpset P&ID drawing RA 26869. | D182: Sum | E182: Complete
A184: B2.5 | B184: SS 3.2.3.4.1 | C184: Manufacture, supply and deliver of the new level switches for all pumpset as indicated in the pumpset P&ID drawing RA 26869. | D184: Sum | E184: Complete
A186: B2.6 | B186: SS 3.2.5.1 | C186: Manufacture, supply and deliver of the eight (8) new Profibus PA compliant Pressure transmitters. | D186: Each | E186: 8
A188: B2.7 | B188: SS 3.2.6.1. | C188: Manufacture, supply and deliver of the four (4) Profibus DP copper magnetic flow transmitters | D188: Each | E188: 4
A190: B2.8 | B190: SS 3.3.1.1. | C190: Manufacture, supply and deliver of the four (4) PLC systems (complete with all the modules and auxiliary items) in the pumpset PLC panels | D190: Each | E190: 4
A192: B2.9 | B192: SS 3.3.1.2. | C192: Manufacture, supply and deliver of the four (4) pumpset PLC program necessary to control, monitor and run all operations of the pumpsets. | D192: Each | E192: 4
A194: B2.10 | B194: SS 3.3.2.1. | C194: Manufacture, supply and deliver of the trace and label the existing I/O multicore cable between (feeders, incomer, transformer and bus-section) and the existing PLC. | D194: Sum | E194: Complete
A196: B2.11 | B196: SS 3.3.2.2. | C196: Manufacture, supply and deliver of the generate and supply as built drawings of the existing Automation loop drawings for the existing switchboard before the design for the new pumpset control system and decommissioning of the existing PLC. | D196: Sum | E196: Complete
A198: B2.12 | B198: SS 3.3.2.3. | C198: Manufacture, supply and deliver of the supply and present complete detailed HAZOP studies and will be subject to approval by the Rand Water before commencement of any work. | D198: Sum | E198: Complete
A200: B2.13 | B200: SS 3.3.2.4. | C200: Manufacture, supply and deliver of the decommission the existing Quantum PLC. | D200: Sum | E200: Complete
A202: B2.14 | B202: SS 3.3.2.5. | C202: Manufacture, supply and deliver of the one (1) PLC systems (complete with all the modules and auxiliary items) in the common service PLC panel | D202: Each | E202: 1
A204: B2.15 | B204: SS 3.3.2.6. | C204: Manufacture, supply and deliver of the put into operation one (1) pumpset PLC program necessary to control, monitor and run all operations of the pumpsets. | D204: Each | E204: 1
A206: B2.16 | B206: SS 3.4.1. | C206: Manufacture, supply and deliver of the four (4) Human Machine Interface with all required licenses in the pumpset PLC panel | D206: Each | E206: 4
...

Sheet Schedule G - CIVIL
F1: TENDER NO. RW10390641/24R | G1: ='Schedule A - P&G'!G1 -> TENDER NO. RW10390641/24R
A2: ='Schedule A - P&G'!$C$2 -> Townlands Pump Station Engine Room 1 - Additional Pump
G4: Schedule G: CIVIL
A5: Item No. | B5: Refer to RW10390641/23R: Civil System Specification | C5: Description | D5: Unit | E5: Qty | F5: Rate | G5: Total Amount
A10: 1 | B10: SS 6.1 | C10: Condition Assessment of existing structures in line with proposed additions/upgrades to mechanical and automation/electrical equipment | D10: Sum | E10: 1
A12: 2 | B12: SS 6.1 | C12: Design and supply all quality documents pertaining to, but not limited to all items forming part of the works (as detailed in Contract documents, including specifications( | D12: Sum | E12: 1
A14: 3 | B14: SS 6.1 | C14: Service detection to establish connection points to electrical, automation and mechnanical connection services (Provisional) | D14: Sum | E14: 1
A16: 4 | B16: SS 6.1 | C16: Design and construct connections including but no limited to: design drawings, construction drawings, and as-built drawings | D16: Sum | E16: 1
A18: 5 | B18: SS 6.1 | C18: Partial demolition of existing masonry walls for cables and service pipes, including but not limited to necessary QCP and application of standard specifications | D18: Sum | E18: 1
A20: 6 | B20: SS 6.1 | C20: Material testing of completed works and material certificates for items to be installed. | D20: Sum | E20: 1
A22: 7 | B22: SS 6.1 | C22: Coring of existing concrete floors where required (as part of the electrical, automation and mechanical specifications) – in line with recommendations of the condition assessment as per Item No. 1 above | D22: Sum | E22: 1
A34: SCHEDULE G: CIVIL SUMMARY
A35: No | B35: Payment Refers to Civil System Specification | C35: Description | D35: Unit | E35: Qty | F35: Rate | G35: Amount
A39: Schedule G: Total amount excluding Value-Added Tax (VAT) to be carried to Summary of Price Schedules | G39: R

Sheet Shedule  H -  ELECTRICAL
B1: RW10390641_23R_Elec-Spec | H1: TENDER NO. RW10390641/24R
A2: =_xlfn.SINGLE('Schedule C - SHEQ'!#REF!) -> #REF!
A3: Item No | B3: Refers to RW10390641/23R/Elec-Spec | C3: Description | D3: UNIT | E3: QTY (A) | F3: Rate Supply (B) | G3: Rate Install ( C) | H3: Total A*(B+C)
C4: SCHEDULE H: ELECTRICAL SUMMARY
C5: DESIGN , MANUFACTURE, SUPPLY , TESTING & DELIVERY
A7: 1 | B7: 2 | C7: Design electrical installation (and all plant components) in accordance with the design criteria. To include preparation of drawings and documents, as-built (record) drawings, reports and certificates
A9: 1.1 | C9: Carry out a power system study with proprietary software to determine all pump starter circuit fault and continuous ratings and submission of report with results and calculations | D9: Sum | E9: 1
A11: 1.2 | C11: Auto Transformer Starter Circuit complete in existing 400 V MCC Spare Tier as per drawings and specifications | D11: Sum | E11: 1
A13: 1.3 | C13: Valve Isolating Panels | D13: Sum | E13: 1
A15: 1.4 | C15: Unit Power Factor Correction | D15: Sum | E15: 1
A17: 1.5 | C17: UPS and Generator supply additions | D17: Sum | E17: 1
A19: 1.6 | C19: Mimic Panel alterations | D19: Sum | E19: 1
A21: 1.7 | C21: Complete cable installation including routing, comprehensive and detailed cable schedules with all termination details, cable numbering for a complete installation | D21: Sum | E21: 1
A23: 1.8 | C23: Alterations and additions to cable racking for Pump Set 4 in Engine Room | D23: Sum | E23: 1
A25: 1.9 | C25: Earthing system | D25: Sum | E25: 1
A27: 1.10 | C27: Other (details to be provided) | D27: Sum | E27: 1
A29: 1.11 | B29: 3 | C29: Construction supervision of the complete electrical installation (and all plant components) in accordance with the requirements in the System Specification.
A31: 1.11 | C31: Auto Transformer Starter Circuit complete in existing 400 V MCC Spare Tier as per drawings and specifications | D31: Sum | E31: 1
A33: 1.12 | C33: Valve Isolating Panels | D33: Sum | E33: 1
A35: 1.13 | C35: Unit Power Factor Correction | D35: Sum | E35: 1
A37: 1.14 | C37: UPS & Generator supply additions
A39: 1.15 | C39: Mimic Panel alterations | D39: Sum | E39: 1
A41: 1.16 | C41: Complete cable installation including routing, comprehensive and detailed cable schedules with all termination details, cable numbering for a complete installation | D41: Sum | E41: 1
A43: 1.17 | C43: Alterations and additions to cable racking for Pump Set 4 in Engine Room | D43: Sum | E43: 1
A45: 1.18 | C45: Earthing system | D45: Sum | E45: 1
A46: 1.19 | C46: Other (details to be provided) | D46: Sum | E46: 1
A47: 2 | B47: 4 | C47: AUTO TRANSFORMER STARTER FOR PUMP SET 4
A48: 2.1 | C48: SUPPLY AUTO TRANSFORMER STARTER FOR PUMP SET 4
A50: 2.1.1 | C50: Supply and manufacture an auto transformer starter and all ancillaries fully equipped as per drawings, specification and specific requirements and in accordance with Rand Water standard specification. Inclusive of an additional tier if required to house all the equipment as specified. | D50: Sum | E50: 1
A52: 2.2 | C52: FACTORY ACCEPTANCE TEST THE AUTO TRANSFORMER STARTER FOR PUMP SET 4
A54: 2.2.1 | C54: Test a auto transformer starter and all ancillaries fully equipped as per drawings, specification and specific requirements and in accordance with Rand Water standard specification in the factory | D54: Sum | E54: 1
A56: 2.3 | C56: DELIVER AND OFF-LOAD THE AUTO TRANSFORMER STARTER FOR PUMP SET 4
A58: 2.4 | C58: Deliver and off load an auto transformer starter and all ancillaries to site | D58: Sum | E58: 1
A59: 2.4 | C59: INSTALL THE AUTO TRANSFORMER STARTER FOR PUMP SET 4
A61: 2.4.1 | C61: Install on site an auto transformer starter and all ancillaries fully equipped including tie-in to the existing LV MCC, all door mounted equipment, all chassis mounted equipment and an additional panel tier if required and inclusive of all isolations, permits and re-energisation | D61: Sum | E61: 1
A63: 2.5 | C63: TEST AND COMMISSION THE AUTO TRANSFORMER STARTER FOR PUMP SET 4
A65: 2.5.1 | C65: Test and commission an auto transformer starter and all ancillaries | D65: Sum | E65: 1
A67: 2.6 | C67: CONFIGURATION OF AUTO TRANSFORMER STARTER
A69: 2.6.1 | C69: Development of auto transformer starter configuration and motor protection relay settings for the auto transformer starter and testing of all functionality and settings on site in conjunction with hot commissioning | D69: Sum | E69: 1
A71: 3 | B71: 6 | C71: VALVE ISOLATING PANEL
A73: 3.1 | C73: SUPPLY VALVE ISOLATING PANELS
A75: 3.1.1 | C75: Design, supply and manufacture a valve isolating panel fully equipped as per drawings, specification and specific requirements and in accordance with Rand Water specification | D75: No | E75: 9
A77: 3.2 | C77: FACTORY ACCEPTANCE TEST VALVE ISOLATING PANELS
A79: 3.2.1 | C79: Test a valve isolating panel fully equipped as per drawings, specification and specific requirements and in accordance with Rand Water specification in the factory | D79: No | E79: 9
A81: 3.3 | C81: DELIVER AND OFF-LOAD VALVE ISOLATING PANELS
A83: 3.3.1 | C83: Deliver and off load to site a valve isolating panel fully equipped as per drawings, specification and specific requirements and in accordance with Rand Water specification | D83: No | E83: 9
A85: 3.4 | C85: INSTALL VALVE ISOLATING PANELS
A87: 3.4.1 | C87: Install on site a valve isolating panel fully equipped as per drawings, specification and specific requirements and in accordance with Rand Water specification. Inclusive of pedestal or mounting. | D87: No | E87: 9
A89: 3.5 | C89: TEST AND COMMISSION VALVE ISOLATING PANELS ON SITE
A91: 3.5.1 | C91: Test and commission a valve isolating panel fully equipped as per drawings, specification and specific requirements and in accordance with Rand Water specification on site | D91: No | E91: 9
A93: 4 | B93: 7 | C93: POWER FACTOR CORRECTION UNIT FOR PUMP SET 4
A95: 4.1 | C95: PRE INSTALLATION SITE POWER QUALITY AND HARMONIC MEASUREMENTS
A97: 4.1.1 | C97: Carry out site measurements of power quality, power factor on the 11kV incomer and voltage and current harmonics up to the 25th harmonic for a period of two weeks before installation of pump set 4. Prepare a report to with regard to above parameters and findings of the site measurements | D97: Sum | E97: 1
A99: 4.2 | C99: SUPPLY THE POWER FACTOR CORRECTION UNIT
A101: 4.2.1 | C101: Supply and manufacture a 150 kVAr power factor correction unit fully equipped as per drawings, specification and specific requirements and in accordance with Rand Water specification | D101: No | E101: 1
A103: 4.3 | C103: FACTORY ACCEPTANCE TEST THE POWER FACTOR CORRECTION UNIT
C105: Test a 150 kVAr power factor correction unit fully equipped as per drawings, specification and specific requirements and in accordance with Rand Water specification | D105: No | E105: 1
A107: 4.4 | C107: DELIVER AND OFF-LOAD THE POWER FACTOR CORRECTION UNIT
D108: No | E108: 1
A109: 4.4.1 | C109: Deliver and off load to site a 150 kVAr power factor correction unit
A111: 4.5 | C111: INSTALL THE POWER FACTOR CORRECTION UNIT
D112: No | E112: 1
A113: 4.5.1 | C113: Install on site a 150 kVAr power factor correction unit on site
A115: 4.6 | C115: TEST AND COMMISSION THE POWER FACTOR CORRECTION UNIT ON SITE
A117: 4.6.1 | C117: Test and commission a 150 kVAr power factor correction unit on site | D117: Sum | E117: 1
A119: 4.7 | C119: POST INSTALLATION SITE POWER QUALITY AND HARMONIC MEASUREMENTS | D119: Sum | E119: 1
A121: 4.7.1 | C121: Carry out site measurements of power quality, power factor on the 11kV incomer and voltage and current harmonics up to the 25th harmonic for a period of two weeks one month after the commissioning and acceptance of pump set 4. Prepare a report to with regard to above parameters and findings of the site measurements
A123: 5 | B123: 5 | C123: MIMIC PANEL MODIFICATIONS
A125: 5.1 | C125: MODIFY ARTWORK OF MIMIC PANEL
A127: 5.1.1 | C127: Modify artwork and wiring where required of existing mimic for pump set 4
A129: 5.2 | C129: MIMIC PANEL INDICATION FOR PUMP SET 4
A131: 5.2.1 | C131: Test and commission the pump set 4 indication on the mimic panel | D131: No | E131: 1
A133: 5.2.2 | C133: Carry out site measurements of power quality, power factor on the 11kV incomer and voltage and current harmonics up to the 25th harmonic for a period of two weeks one month after the commissioning and acceptance of pump set 4. Prepare a report to with regard to above parameters and findings of the site measurements
A135: 6 | B135: 4 | C135: UPS SUPPLY ADDITION
A137: 6.1 | C137: UPS SUPPLY CIRCUIT FOR PUMP SET 4
A139: 6.1.1 | C139: Supply and install an additional circuit for UPS supply for pump set 4 | D139: No | E139: 1
A141: 6.2 | C141: TEST UPS SUPPLY CIRCUIT FOR PUMP SET 4
A143: 6.2.1 | C143: Test and commission the pump set 4 UPS supply circuit | D143: No | E143: 1
A145: 7 | B145: 11 | C145: CABLE INSTALLATION
A147: 7.1 | C147: SUPPLY CABLE
A149: 7.1.1 | C149: 240 mm2, 4 core 600/1000 V PVCPVCSWAPVC Cu cable to SANS 1507 | D149: m | E149: 200
A151: 7.1.2 | C151: 120 mm2, 4 core 600/1000 V PVCPVCSWAPVC Cu cable to SANS 1507 | D151: m | E151: 100
A153: 7.1.3 | C153: 6 mm2, 4 core 600/1000V PVCPVCSWAPVC Cu cable to SANS 1507 | D153: m | E153: 300
A155: 7.1.4 | C155: 4 mm2, 4 core 600/1000V PVCPVCSWAPVC Cu cable to SANS 1507 | D155: m | E155: 400
A157: 7.1.5 | C157: 2,5 mm2, 4 core 600/1000V PVCPVCSWAPVC Cu cable to SANS 1507 | D157: m | E157: 300
A159: 7.1.6 | C159: 70 mm2 copper coated steel earth conductor to SANS specifications | D159: m | E159: 100
A161: 7.1.7 | C161: 2,5 mm2 copper coated steel conductor to SANS specifications | D161: m | E161: 300
A163: 7.1.8 | C163: 1.5 mm2, 12 core 600/1000V PVCPVCSWAPVC Cu cable to SANS 1507 | D163: m | E163: 200
A165: 7.1.9 | C165: 1.5 mm2, 7 core 600/1000V PVCPVCSWAPVC Cu cable to SANS 1507 | D165: m | E165: 400
A167: 7.1.10 | C167: 1 mm2, 4 triad, individual and overall screened, PVCSWAPVC 300 V cable | D167: m | E167: 100
A169: 7.2 | C169: INSTALL CABLES
C171: Install the following cables in ducts, trenches, on cable ladder and through cable sleeves on site
A173: 7.2.1 | C173: 240 mm2, 4 core 600/1000 V PVCPVCSWAPVC Cu cable to SANS 1507 | D173: m | E173: 200
A175: 7.2.2 | C175: 120 mm2, 4 core 600/1000 V PVCPVCSWAPVC Cu cable to SANS 1507 | D175: m | E175: 100
A177: 7.2.3 | C177: 6 mm2, 4 core 600/1000V PVCPVCSWAPVC Cu cable to SANS 1507 | D177: m | E177: 300
A179: 7.2.4 | C179: 4 mm2, 4 core 600/1000V PVCPVCSWAPVC Cu cable to SANS 1507 | D179: m | E179: 400
A181: 7.2.5 | C181: 2,5 mm2, 4 core 600/1000V PVCPVCSWAPVC Cu cable to SANS 1507 | D181: m | E181: 300
A183: 7.2.6 | C183: 70 mm2 copper coated steel earth conductor to SANS specifications | D183: m | E183: 100
A185: 7.2.7 | C185: 2,5 mm2 copper coated steel conductor to SANS specifications | D185: m | E185: 400
A187: 7.2.8 | C187: 1.5 mm2, 12 core 600/1000V PVCPVCSWAPVC Cu cable to SANS 1507 | E187: 200
...

Sheet Schedule J - MECHANICAL 
G1: TENDER NO. RW10390641/24R
A2: Townlands Pump Station Engine Room 1 - Additional Pump
A3: Item No. | B3: Refers to RW10390641/23R/Mech-Spec | C3: Description | D3: Unit | E3: Qty | F3: Rate | G3: Total Amount
C5: Schedule J: MECHANICAL
A6: 1 | C6: DESIGN , MANUFACTURE, SUPPLY , TESTING & DELIVERY
A8: 1.1 | B8: 3.5.1.5 | C8: Design, Manufacture, test, supply and delivery of Pump 26.61Ml/d | D8: Each | E8: 1
A10: 1.2 | B10: 3.5.1.6 | C10: Design,Manufacture, test, supply and delivery of Motor complete with coupling unit and fiffings etc. | D10: Each | E10: 1
A12: 1.3 | B12: 3.5.1.7 | C12: Deisgn, Manufacture, test, supply and deliver pump suction pipe complete with flanges, insulating gasket, bolts and nuts etc. | D12: Each | E12: 1
A14: 1.4 | B14: 3.5.1.3 | C14: Design, Manufacture, test, supply and deliver pump delivery pipe complete with flanges, insulating gasket, bolts and nuts etc. | D14: Each | E14: 1
A16: 1.5 | B16: 3.5.1.2 | C16: Manufature, test, supply & deliver electrically operated butterflyvalve ID 500mm, TP 5000 kPa complete flanges, gaskets, dismentling coupling and fitting etc. | D16: Each | E16: 4
A18: 1.6 | B18: 3.5.1.8 | C18: Manufacture, test supply and delivery of 500mm ID , TP 5000 kPa flanged Reflux valve, including dismantling couplings restraining flanges and gaskets etc. | D18: Each | E18: 1
A20: 1.7 | C20: Supply and deliver drain pipes complete with valves (diamter 100mm &TP 5000kPa) and piping etc. | D20: Each | E20: 1
A22: 1.8 | C22: The existing boundary valve . Actuators shall be supplied and installed complete with gearboxes, actuators shall comply with Rand Water specification RC 01108 and RW/0310/AS0460. | D22: Each | E22: 1
A24: 1.9 | C24: All other equipment /consumables/service not stated above which are required to complete and commission the Installation | D24: Sum | E24: 1
A27: 2 | C27: INSTALLATION AND COMMISSIONING & PUTTING INTO OPERATION
A29: 2.1 | C29: Installations of pump set complete with motor, valves, meters, piping and ancillarry equipment | D29: Sum | E29: 1
A31: 2.2 | C31: Commissioning of pump set complete with motor, valves, meters, piping and ancillarry equipment
A33: 2.3 | C33: Maintenance during the defects & liability period. | D33: Sum | E33: 1
A35: 2.4 | C35: The contractor shall allow for trimming of the new pump impellor to match the existing pumps.
A37: 2.5 | C37: The contractor shall provide new Actuators to match the existing Actuators.
A39: 3 | C39: Documentation & Training
A41: 3.1 | C41: Drawings | D41: Sum | E41: 1
A43: 3.2 | C43: Training of Rand Water Personnel | D43: Sum | E43: 1
A45: 3.4 | C45: Operation & Maintenance Manuals (six copies) | D45: Sum | E45: 1
A47: 3.5 | C47: All other equipment /consumables/service not stated above which are required to complete and hand over the Installation | D47: Sum | E47: 1
A50: Schedule J:Total amount excluding Value-Added Tax (VAT) to be carried to Summary of Price Schedules

Sheet Shedule K-SED
G3: TENDER NO. RW10390641/24R
A4: SCHEDULE K: SOCIO-ECONOMIC DEVELOPMENT
A6: Item | B6: Payment Ref. | C6: Description | D6: U O M | E6: Qty (A) | F6: Rate (B) | G6: Total (A*B)
A7: No.
C9: SCHEDULE K : SOCIO ECONOMIC DEVELOPMENT
A11: 1 | C11: SKILLS DEVELOPMENT PROGRAM
A13: 1.1 | C13: Accredited training programmes are targeted which will provide the beneficiaries with significant and recognized credit value in accordance with the National Qualification Framework (NQF) (1% of Project Value - Sub Total A) | D13: Sum | F13: 0.01
A15: 1.2 | C15: Contractors mark-up on Item 1.1 above | D15: %
A17: 2 | C17: PROJECT FACILITATION PROGRAM
A19: 2.1 | C19: Project facilitation programs (4% of Project Value - Sub Total A) | D19: Sum | F19: 0.04
A21: 2.2 | C21: Contractors mark-up on Item 2.1 above | D21: %
A23: 3 | C23: COMMUNITY LIASON OFFICER
A25: 3.1 | C25: Community Liason Officer. A key component in aiding the realisation of the SED objectives is effective community liaison with all the relevant role-players, structures, civic organisations and the community at large. | D25: Sum | E25: 1
A27: 3.2 | C27: Contractors mark-up on Item 3.1 above | D27: %
A30: 4 | C30: PARTICIPATION OF LOCAL ENTERPRICES
A32: 4.1 | C32: Work Allocated to Local Enterprises (Inclusive of P&G's and SHEQ) (Minimum 5% of Project Value) (Sub-Total A) | D32: Sum | E32: 0.05 | F32: 0 | G32: Rate Only
A34: 4.2 | C34: Contractors mark-up on Item 4.1 above | D34: %
A36: Total amount excluding Value-Added Tax (VAT) to be carried to Summary of Price Schedules

Sheet CSDG (0.25% factor)
G1: ='Schedule A - P&G'!G1 -> TENDER NO. RW10390641/24R
A2: ='Schedule A - P&G'!$C$2 -> Townlands Pump Station Engine Room 1 - Additional Pump
G4: CSDG (0.25% factor)
A5: Item No. | B5: Payment Reference | C5: Description | D5: Unit | E5: Qty | F5: Rate | G5: Total Amount
C7: Minimum Contract Skills Development Goal (CSDG) sum = EP (0.25%) x Subtotal of the tender amount | D7: Sum | E7: 1
A9: Total amount excluding Value-Added Tax (VAT) to be carried to Summary of Price Schedules
A10: No | B10: Payment refers | C10: Description | G10: Amount
B15: Total amount excluding Value-Added Tax (VAT) to be carried to Summary of Price Schedules

Sheet Summary
A1: ='Schedule A - P&G'!A1 -> 0 | C1: ='Schedule A - P&G'!G1 -> TENDER NO. RW10390641/24R
A2: ='Schedule A - P&G'!A2 -> 0 | B2: ='Schedule A - P&G'!$C$2 -> Townlands Pump Station Engine Room 1 - Additional Pump
A3: SUMMARY OF BILL OF QUANTITIES
A5: SCHEDULE | B5: DESCRIPTION | C5: AMOUNT
A9: A | B9: Preliminary and General | D9: =SUM(C10:C16)*0.4 -> 0
A10: B | B10: Environmental | D10: =C10 -> 0
A11: C | B11: SHEQ | D11: =C11 -> 0
A12: D | B12: Quality | D12: =C12 -> 0
A13: F | B13: Automation | D13: =C13 -> 0
A14: G | B14: Civil | D14: =C14 -> 0
A15: H | B15: Electrical
A16: J | B16: Mechanical
A17: K | B17: SED
A18: SUB TOTAL A | D18: =SUM(D10:D16)+D9 -> 0
A19: CONTRACT SKILLS DEVELOPMENT GOAL (CSDG) (0,25% FACTOR)
A20: ADD 15% FOR VAT
A21: TOTAL
A22: Total Carried forward to the Form of Offer Page xx of xx of the Commercial Document

Sheet Mechanical
